 Dungeon Crawl Stone Soup version 0.30.1-1-g62c8e00024 (webtiles) character file.

Game seed: 12058039194254403445

24 spardeous the Ducker (level 2, 0/11 HPs)
             Began as a Felid Earth Elementalist on July 15, 2023.
             Succumbed to a scorpion's poison
             ... on level 3 of the Dungeon.
             The game lasted 00:01:02 (892 turns).

spardeous the Ducker (Felid Earth Elementalist)      Turns: 892, Time: 00:01:03

Health: 0/11       AC:  1    Str:  4    XL:     2   Next: 79%
Magic:  3/6        EV: 18    Int: 16    God:
Gold:   34         SH:  0    Dex: 16    Spells: 4/5 levels left
                                        Lives:  0   Deaths: 0

rFire   . . .        (weapon unavailable)
rCold   . . .        (shield unavailable)
rNeg    . . .        (body armour unavailable)
rPois   .            (helmet unavailable)
rElec   .            (cloak unavailable)
rCorr   .            (gloves unavailable)
SInv    +            (boots unavailable)
Will    .....        (no amulet)
Stlth   ++           (no ring)
HPRegen 0.21/turn    (no ring)
MPRegen 0.10/turn

%: no passive effects
@: lethally poisoned (0 -> -3), quick
A: very small, claws 1, fangs 3, see invisible, speed 1, shaggy fur 1, stealthy
paws, no weapons or thrown items, no armour, multi-lived
a: no special abilities


You were on level 3 of the Dungeon.
You visited 1 branch of the dungeon, and saw 3 of its levels.

You collected 34 gold pieces.

Inventory:

Scrolls
 b - a scroll of amnesia {unknown}
 d - a scroll of blinking {unknown}
 e - a scroll of torment {unknown}
Potions
 a - a potion of magic
 c - 2 potions of cancellation {unknown}


   Skills:
 + Level 3.7 Dodging
 - Level 2.6 Stealth
 - Level 2.0 Spellcasting
 - Level 1.1 Transmutations
 + Level 3.2 Earth Magic


You had 4 spell levels left.
You knew the following spells:

 Your Spells              Type           Power      Damage    Failure   Level
a - Sandblast             Erth           24%        2d8       5%          1

Your spell library contained the following spells:

 Spells                   Type           Power      Damage    Failure   Level
 Passwall                 Tmut/Erth      6%         N/A       13%         2
 Wereblood                Tmut           5%         N/A       21%         2
 Sublimation of Blood     Necr           1%         N/A       30%         2
 Stone Arrow              Conj/Erth      12%        3d7       32%         3
 Petrify                  Tmut/Erth      8%         N/A       63%         4
 Summon Hydra             Summ           0%         N/A       100%        7


Dungeon Overview and Level Annotations

Branches:
Dungeon (3/15)

Altars:
Yredelemnul


Innate Abilities, Weirdness & Mutations

You have sharp claws.
You have razor-sharp teeth.
You have supernaturally acute eyesight. (SInv)
You cover ground quickly. (Speed+)
You are covered in fur. (AC +1)
Your paws help you pounce on unaware monsters.
You are incapable of wielding weapons or throwing items.
You cannot wear armour.
You gain extra lives every three experience levels.


Message History

Confirm with . or Enter, or press ? or * to list all spells.
Aiming: Sandblast (safe; 5% risk of failure)
Press: ? - help, Shift-Dir - straight line, f - endoplasm
Aim: an endoplasm (asleep, 100% to hit)
The blast of sand hits the endoplasm!
You kill the endoplasm!
A scorpion comes into view.
A scorpion is nearby!
A scorpion is nearby!
Casting: Sandblast (safe; 5% risk of failure)
Confirm with . or Enter, or press ? or * to list all spells.
Aiming: Sandblast (safe; 5% risk of failure)
Press: ? - help, Shift-Dir - straight line, f - scorpion
Aim: a scorpion (asleep, 100% to hit)
The blast of sand hits the scorpion but does no damage.
Casting: Sandblast (safe; 5% risk of failure)
Confirm with . or Enter, or press ? or * to list all spells.
Aiming: Sandblast (safe; 5% risk of failure)
Press: ? - help, Shift-Dir - straight line, f/p - scorpion
Aim: a scorpion (82% to hit)
The blast of sand hits the scorpion but does no damage.
Casting: Sandblast (safe; 5% risk of failure)
Confirm with . or Enter, or press ? or * to list all spells.
Aiming: Sandblast (safe; 5% risk of failure)
Press: ? - help, Shift-Dir - straight line, f/p - scorpion
Aim: a scorpion (82% to hit)
The blast of sand hits the scorpion but does no damage.
The scorpion completely misses you. The scorpion stings you.
You are lethally poisoned!
The scorpion poisons you!
You feel sick. The scorpion stings you.
* * * LOW HITPOINT WARNING * * *
You feel sick.
* * * LOW HITPOINT WARNING * * *
You feel sick.
* * * LOW HITPOINT WARNING * * *
You feel sick.
* * * LOW HITPOINT WARNING * * *
You feel sick.
You die...

###. ####..#####.#
#.....#.....# #.###.#.#
#.#.# #.#.....#
#s#####.. #.#.#
#.@.#######.
###......... #..######
#..### #....##
######### #..#..# ###
#.......# ##..##.#
..####.#####<###...##.#
#..#...# ###.##.....#.#


You could see a scorpion.

Vanquished Creatures
  A dart slug (D:1)
  4 ball pythons
  2 endoplasms
  4 goblins
  A hobgoblin (D:1)
  2 kobolds
  2 quokkas (D:3)
  2 bats (D:2)
  A rat (D:2)
  A spectral orc (D:3)
20 creatures vanquished.

Notes
Turn   | Place    | Note
-------+----------+-------------------------------------------
     0 | D:1      | spardeous the Felid Earth Elementalist began the quest for
                  | the Orb.
     0 | D:1      | Reached XP level 1. HP: 7/7 MP: 4/4
   257 | D:1      | Reached XP level 2. HP: 11/11 MP: 3/6
   761 | D:3      | Found a basalt altar of Yredelemnul.
   883 | D:3      | Noticed a scorpion
   892 | D:3      | Succumbed to a scorpion's poison

Illustrated notes

Levels and vault maps discovered:
D:1:      evilmike_arrival_rings, layout_loops_cross, serial_aquarium,
          aquarium_bridge_square [aquarium_subvault_window,
          aquarium_subvault_wall, aquarium_subvault_bridge,
          aquarium_subvault_window], aquarium_window_fake, aquarium_window_1,
          aquarium_window_1, aquarium_view_2b, aquarium_balcony_double_4
D:2:      layout_basic, hangedman_glass_teeth, kennysheep_boxes
D:3:      layout_loops_corners, yredelemnul_forgotten_temple_becter,
          serial_shops, nicolae_shop_behind_doors, serial_co_window_serial,
          co_window_corner_a, co_window_corner_a, co_window_paths_a,
          co_window_paths_b, co_window_paths_a, co_window_of_opportunity_b,
          co_window_corner_ca, co_window_2corner, glass_columns_b,
          kennysheep_generic_room_8

Skill      XL: |  1 |
---------------+----+-----
Dodging        | 3 |  3.7
Earth Magic    | 3 |  3.2
Stealth        | |  2.6
Spellcasting   | |  2.0
Transmutations | |  1.1

Action                     || total
---------------------------++-------
  Melee: Unarmed           ||     4
   Cast: Sandblast         ||    29
 Armour: Skin              ||     1
  Dodge: Dodged            ||     8
